Map: Abiogenesis LE

Players

axu

  • Race: Protoss Protoss
  • League: Platinum
  • Spawn Location: 5:00

OddDog - Winner!

  • Race: Zerg Zerg
  • League: Diamond
  • Spawn Location: 11:00

VOD

Have the link to the VOD?

Description

Time

  • Played on: May 7, 2018, 10:26 a.m.
  • Length: 5:48
Show
View Real Time Build Order
Export as new Build Order

axu Protoss 

Build Orders: 1 Gate Expand 

Get SALT Encoding   

  12  0:00  Probe  
  13  0:13  Probe  
  14  0:21  Pylon  
  14  0:25  Probe  
  15  0:39  Probe  
  15  0:40  Gateway  
  16  0:48  Probe  
  16  0:49  Assimilator  
  16  0:56  Probe  
  18  1:05  Probe  
  19  1:21  Probe  
  20  1:27  Nexus  
  20  1:37  Cybernetics Core  
  20  1:42  Probe  
  20  1:46  Assimilator  
  21  1:52  Pylon  
  21  2:02  Probe  
  22  2:14  Probe  
  23  2:16  Warp Gate  
  23  2:17  Adept  
  25  2:26  Probe  
  26  2:36  Twilight Council  
  26  2:38  Probe  
  26  2:41  Probe  
  28  2:50  Probe  
  29  2:54  Probe  
  30  3:02  Probe  
  30  3:05  Gateway  
  31  3:09  Adept  
  33  3:32  Resonating Glaives  
  31  3:45  Gateway  
  31  3:46  Gateway  
  31  3:50  Gateway  
  31  3:52  Pylon  
  31  3:53  Probe x2  
  31  3:54  Robotics Facility  
  33  4:01  Adept  
  33  4:02  Adept  
  37  4:05  Probe x2  
  37  4:09  Pylon  
  39  4:17  Probe x2  
  41  4:24  Assimilator  
  41  4:28  Assimilator  
  41  4:29  Probe  
  41  4:30  Probe  
  43  4:51  Adept x3  
  34  5:14  Stalker  
  34  5:15  Stalker x2  
Show
View Real Time Build Order
Export as new Build Order

OddDog Zerg - Winner!

Build Orders: Hatch First, Ravager All-In 

Get SALT Encoding   

  12  0:08  Overlord  
  12  0:14  Drone  
  12  0:20  Drone  
  14  0:26  Drone  
  15  0:30  Drone  
  16  0:41  Drone  
  17  0:55  Hatchery  
  16  1:09  Spawning Pool  
  15  1:13  Drone  
  15  1:14  Extractor  
  15  1:17  Drone  
  16  1:20  Drone  
  16  1:25  Drone  
  18  1:38  Drone  
  18  1:39  Extractor  
  18  1:46  Overlord  
  18  1:56  Queen  
  18  1:57  Drone  
  21  2:07  Drone  
  22  2:10  Queen  
  22  2:15  Zergling x2  
  25  2:21  Drone  
  26  2:23  Drone  
  27  2:31  Drone x2  
  29  2:47  Drone, Roach Warren  
  29  2:51  Drone  
  29  2:54  Drone  
  31  2:58  Overlord  
  30  3:39  Roach x3  
  30  3:40  Roach x4  
  30  3:41  Overlord  
  44  3:44  Metabolic Boost  
  44  4:02  Ravager x3  
  47  4:05  Ravager x2  
  47  4:06  Ravager  
  47  4:08  Overlord  
  50  4:23  Roach  
  50  4:24  Overlord x2  
  52  4:59  Zergling x2  
  53  5:00  Zergling x26  
Tags
 
Add a new tag
Caveats
  • Supply blocks, unpowered buildings, or Contaminate may cause inaccurate times.
  • Supply counts are checked every 10 seconds.